Map: Blackpink LE

Players

hinO - Winner!

  • Race: Zerg Zerg
  • Spawn Location: 7:00

HeltEn

  • Race: Terran Terran
  • Spawn Location: 1:00

Event: WCS Leipzig 2018

VOD

Have the link to the VOD?

Description

Time

  • Played on: Jan. 26, 2018, 6:53 a.m.
  • Length: 18:15

All games in this series

Show
View Real Time Build Order
Export as new Build Order

hinO Zerg - Winner!

Build Orders: Pool First, Brood Lord Corruptor 

Get SALT Encoding   

  12  0:01  Drone  
  13  0:08  Drone  
  14  0:17  Overlord  
  14  0:24  Drone, Extractor  
  15  0:37  Drone x2  
  17  0:45  Spawning Pool  
  17  0:48  Drone  
  17  1:10  Hatchery  
  16  1:12  Drone  
  16  1:16  Extractor  
  16  1:31  Zergling x6  
  19  1:34  Queen  
  21  1:42  Overlord  
  21  1:53  Drone  
  22  2:04  Drone  
  23  2:15  Drone  
  24  2:19  Metabolic Boost  
  24  2:22  Drone, Queen  
  27  2:26  Drone  
  28  2:38  Drone x2  
  28  2:41  Drone  
  30  2:50  Drone x4  
  33  3:02  Hatchery, Zergling x2  
  33  3:03  Zergling x2  
  33  3:08  Overlord  
  33  3:11  Zergling x2  
  34  3:16  Zergling x2  
  35  3:23  Drone  
  35  3:26  Overlord  
  36  3:30  Zergling x6  
  36  3:32  Drone x2  
  36  3:33  Drone  
  42  3:37  Drone  
  43  3:42  Zergling x2  
  43  3:43  Queen  
  43  3:47  Overlord  
  46  3:50  Zergling x4  
  46  3:52  Drone x2  
  50  4:00  Drone x2  
  52  4:08  Overlord  
  52  4:09  Baneling Nest, Drone x2  
  53  4:11  Drone  
  53  4:16  Overlord  
  54  4:17  Drone  
  54  4:19  Queen  
  57  4:26  Queen  
  60  4:31  Drone  
  60  4:33  Zergling x4  
  60  4:34  Zergling x2, Extractor  
  60  4:35  Drone  
  60  4:36  Drone  
  64  4:41  Zergling x4  
  64  4:44  Overlord  
  65  4:46  Drone x2  
  65  4:50  Drone x2  
  69  4:55  Queen  
  69  4:59  Baneling  
  71  5:00  Baneling x3  
  71  5:01  Baneling, Queen  
  71  5:04  Spore Crawler  
  72  5:09  Spore Crawler  
  72  5:11  Drone x3  
  74  5:16  Spore Crawler  
  74  5:19  Overlord  
  73  5:21  Drone, Spore Crawler  
  73  5:22  Drone  
  73  5:28  Zergling x2  
  74  5:37  Overlord, Queen  
  74  5:39  Drone x3  
  74  5:40  Extractor  
  74  5:41  Drone x2  
  80  5:44  Drone x2  
  80  5:45  Lair  
  80  5:49  Drone, Extractor  
  82  5:51  Overlord  
  81  5:57  Drone  
  81  5:58  Drone x2  
  81  6:01  Drone x2, Evolution Chamber  
  81  6:03  Evolution Chamber  
  84  6:05  Zergling x6  
  84  6:09  Drone x3  
  90  6:16  Drone x2, Extractor  
  91  6:18  Overlord  
  91  6:23  Zergling x6  
  91  6:24  Zergling x4  
  96  6:25  Overlord  
  96  6:27  Zerg Melee Weapons Level 1  
  95  6:34  Zerg Ground Armor Level 1  
  94  6:40  Zergling x6  
  94  6:45  Overseer  
  94  6:46  Drone x8  
  104  6:47  Hydralisk Den  
  100  6:55  Zergling x8  
  100  6:58  Zergling x4  
  100  7:00  Zergling x2  
  100  7:10  Zergling x2  
  100  7:11  Zergling x4  
  100  7:12  Baneling x3  
  102  7:16  Overlord  
  102  7:17  Hydralisk x2  
  102  7:18  Hydralisk x3  
  112  7:23  Muscular Augments, Overlord x2  
  112  7:29  Overlord x2  
  112  7:31  Extractor  
  112  7:35  Baneling x2  
  112  7:36  Baneling  
  111  7:37  Hydralisk x2  
  115  7:46  Drone  
  116  7:54  Hydralisk  
  116  7:55  Hydralisk x3  
  116  7:56  Zergling x4  
  116  7:58  Drone x4  
  130  8:02  Hatchery  
  130  8:03  Baneling x3  
  130  8:05  Centrifical Hooks  
  127  8:06  Drone x3  
  127  8:12  Drone x3  
  133  8:13  Zergling x6  
  133  8:15  Baneling  
  133  8:16  Baneling x2  
  133  8:17  Hydralisk  
  133  8:18  Zergling x2  
  139  8:23  Overlord  
  139  8:24  Drone  
  139  8:25  Drone x3  
  143  8:27  Extractor x2  
  143  8:32  Zerg Melee Weapons Level 2  
  139  8:45  Zerg Ground Armor Level 2  
  138  8:49  Infestation Pit  
  138  8:54  Hydralisk x3  
  143  8:56  Drone  
  143  8:57  Drone x4  
  143  8:58  Drone  
  143  9:02  Zergling x6  
  152  9:04  Overlord x2  
  152  9:08  Overseer  
  152  9:15  Overlord  
  152  9:16  Overlord  
  152  9:20  Hydralisk x3  
  152  9:21  Zergling x2  
  152  9:23  Overlord  
  159  9:26  Baneling  
  159  9:27  Baneling x5  
  159  9:28  Hive  
  159  9:30  Hydralisk x2  
  159  9:31  Zergling x4  
  165  9:37  Zergling x10  
  170  9:49  Zergling x4, Hydralisk  
  174  9:53  Drone  
  174  9:54  Spire  
  174  9:56  Zergling x2  
  174  9:57  Zergling x6  
  174  9:59  Hydralisk  
  179  10:00  Zergling x4  
  179  10:03  Baneling x3, Zergling x2  
  180  10:14  Hydralisk x9  
  180  10:15  Zergling x2  
  180  10:18  Baneling x8  
  199  10:22  Overlord x2  
  199  10:40  Adrenal Glands  
  199  10:43  Baneling, Ultralisk Cavern  
  199  10:45  Baneling x8  
  198  10:50  Drone  
  199  10:58  Zerg Melee Weapons Level 3, Hatchery  
  198  11:08  Greater Spire  
  194  11:19  Zerg Ground Armor Level 3  
  189  11:41  Hatchery  
  189  11:42  Chitinous Plating  
  189  11:45  Ultralisk x2  
  200  12:20  Hatchery  
  180  12:30  Ultralisk x3  
  180  12:33  Ultralisk  
  180  12:34  Zergling x2  
  196  12:45  Zerg Flyer Weapons Level 1  
  196  12:46  Corruptor x2  
  200  12:58  Spore Crawler  
  199  12:59  Pneumatized Carapace, Spine Crawler x2  
  199  13:01  Spore Crawler  
  196  13:08  Corruptor x2  
  200  13:23  Baneling  
  200  13:24  Baneling  
  200  13:27  Overseer  
  200  13:28  Overseer  
  200  13:29  Extractor  
  200  13:31  Extractor  
  198  13:37  Corruptor  
  200  13:47  Corruptor x3  
  183  13:59  Corruptor  
  183  14:00  Corruptor x2  
  187  14:05  Drone x3  
  187  14:07  Drone x2  
  187  14:08  Drone  
  192  14:16  Brood Lord x2  
  196  14:31  Burrow  
  196  14:42  Overlord x3  
  196  14:43  Zerg Flyer Armor Level 1  
  163  14:55  Drone  
  163  14:58  Brood Lord x7  
  178  15:01  Corruptor x4  
  178  15:04  Hatchery  
  185  15:07  Overlord  
  185  15:08  Overlord x2  
  185  15:11  Brood Lord x2  
  189  15:17  Corruptor  
  191  15:32  Corruptor x2  
  191  15:33  Extractor  
  191  15:34  Extractor  
  187  15:41  Brood Lord  
  187  15:42  Brood Lord x2  
  163  15:48  Drone x2  
  163  15:49  Drone x2  
  167  15:56  Drone x2  
  170  15:57  Drone x2  
  170  16:02  Hatchery, Brood Lord x2  
  170  16:03  Drone x2  
  170  16:04  Drone x2  
  178  16:12  Brood Lord x2  
  178  16:18  Corruptor x3  
  184  16:25  Spore Crawler x2  
  187  16:26  Spine Crawler  
  187  16:27  Spine Crawler  
  184  16:38  Zergling x14  
  184  16:39  Zergling x6  
  194  16:41  Overseer x3  
  194  16:44  Overseer  
  192  16:48  Corruptor  
  192  16:49  Corruptor x3  
  200  17:13  Overseer  
  200  17:15  Baneling  
  200  17:16  Baneling x19  
  200  17:24  Spore Crawler  
  200  17:26  Spore Crawler  
  200  17:27  Spore Crawler  
  193  17:33  Corruptor x5  
  196  17:51  Overlord  
  196  17:52  Overlord  
Show
View Real Time Build Order
Export as new Build Order

HeltEn Terran 

Build Orders: Gas First Reaper Expand, Hellion Opening, Reaper Expand, Bio Tank 

Get SALT Encoding   

  12  0:00  SCV  
  13  0:12  SCV  
  14  0:17  Supply Depot  
  14  0:24  SCV  
  15  0:29  Refinery  
  15  0:39  SCV  
  16  0:43  Barracks  
  16  0:51  SCV  
  17  1:03  SCV  
  18  1:15  SCV  
  19  1:30  Orbital Command, Reaper  
  20  1:41  Command Center  
  20  1:51  Factory  
  20  1:56  SCV  
  21  2:04  Supply Depot  
  21  2:06  Reaper  
  23  2:08  SCV  
  23  2:16  Refinery  
  23  2:25  SCV  
  26  2:37  Hellion  
  26  2:39  Barracks Reactor  
  26  2:50  SCV  
  26  2:58  Starport  
  26  3:00  Hellion  
  26  3:02  SCV  
  29  3:14  SCV  
  29  3:17  Orbital Command  
  30  3:26  SCV  
  31  3:32  Hellion x2  
  35  3:36  Viking, Barracks Tech Lab  
  35  3:41  Supply Depot  
  37  3:43  SCV  
  37  3:45  SCV  
  39  3:55  Hellion x2, SCV  
  44  3:57  SCV  
  45  4:08  SCV  
  46  4:11  Supply Depot  
  49  4:23  SCV x2  
  48  4:27  Command Center  
  48  4:28  Marine  
  48  4:29  Stimpack  
  48  4:30  Supply Depot  
  49  4:36  SCV  
  49  4:37  SCV  
  51  4:38  Factory Reactor  
  51  4:39  Barracks  
  51  4:42  Barracks  
  51  4:46  Marine  
  51  4:50  SCV x2  
  54  4:59  Engineering Bay  
  53  5:02  SCV x2, Engineering Bay  
  53  5:06  Marine  
  56  5:07  Starport Reactor  
  56  5:14  SCV x2  
  58  5:24  Barracks  
  58  5:25  Barracks  
  58  5:26  SCV x2  
  60  5:29  Factory Tech Lab  
  60  5:34  Marine x2  
  62  5:37  Terran Infantry Weapons Level 1, Terran Infantry Armor Level 1  
  62  5:38  SCV x2  
  64  5:43  Orbital Command, Marine  
  64  5:44  Marine  
  64  5:49  Marine  
  67  5:52  Marine  
  67  5:57  Refinery x2  
  68  5:58  Medivac, Marine  
  68  6:01  SCV x2  
  68  6:03  Medivac  
  75  6:08  SCV  
  75  6:09  Marine x2  
  78  6:12  Marine x2  
  78  6:15  Barracks Tech Lab, Barracks Reactor  
  78  6:17  Marine  
  81  6:24  SCV x2  
  83  6:28  Marine  
  83  6:29  Marine  
  83  6:30  Combat Shields  
  85  6:39  Supply Depot x2  
  85  6:44  SCV, Marine, Siege Tank  
  90  6:52  Marine  
  90  6:53  Concussive Shells, Marine x2  
  90  6:54  Marine x2  
  83  7:01  Marine x2  
  83  7:03  SCV  
  83  7:04  SCV  
  83  7:05  Factory  
  83  7:06  Armory, Marine  
  88  7:09  Supply Depot  
  88  7:12  Supply Depot  
  87  7:16  Marine x5  
  87  7:19  Marine x2, Siege Tank  
  97  7:24  Marine  
  96  7:31  SCV x2  
  96  7:34  Marine  
  96  7:35  Marine x4  
  103  7:37  Orbital Command  
  103  7:43  SCV x2  
  103  7:44  Bunker, Supply Depot, Marine x3  
  108  7:52  Marine  
  108  7:53  Marine, Siege Tank  
  108  7:55  SCV, Factory Tech Lab  
  114  7:59  Marine  
  114  8:00  Marine x2  
  114  8:03  SCV  
  114  8:04  SCV  
  119  8:08  Marine  
  119  8:09  Marauder  
  119  8:11  Marauder  
  124  8:23  Marine x3  
  124  8:24  Marine, Siege Tank  
  130  8:28  Siege Tank  
  130  8:31  Refinery  
  130  8:32  Refinery  
  133  8:57  Terran Infantry Weapons Level 2, Terran Infantry Armor Level 2  
  133  8:59  Supply Depot  
  133  9:01  Supply Depot, Marine x6, Marauder  
  141  9:07  Command Center  
  141  9:21  Marine x2, Siege Tank  
  145  9:28  Medivac  
  145  9:30  Medivac  
  145  9:31  Barracks  
  149  9:32  Barracks x2  
  149  9:33  Marine x2  
  149  9:37  Marine  
  149  9:38  Marauder  
  154  9:48  Supply Depot  
  154  9:50  Supply Depot, Marine x2, Marauder  
  158  9:55  Siege Tank  
  158  9:56  Siege Tank  
  158  9:59  Marauder  
  164  10:03  Marine  
  164  10:06  Marine x2  
  165  10:10  Marine x3  
  165  10:12  Marauder  
  170  10:20  Barracks Tech Lab x3, Marine  
  171  10:34  Ghost Academy  
  171  10:38  Liberator x2  
  171  10:49  Siege Tank  
  174  10:52  Sensor Tower  
  174  10:54  Terran Vehicle And Ship Armor Level 1  
  180  11:05  Marine x3, Sensor Tower  
  180  11:06  Marine x2, Marauder x5  
  180  11:10  Moebius Reactor  
  195  11:15  Marine  
  195  11:16  Planetary Fortress  
  196  11:30  Terran Infantry Weapons Level 3  
  196  11:32  Marine x2  
  200  11:33  Marauder  
  200  11:37  Terran Infantry Armor Level 3  
  200  11:46  Starport, Fusion Core  
  200  11:49  Ghost, Marine  
  200  11:50  Marauder, Ghost  
  200  11:51  Ghost, Marine  
  200  12:09  Command Center  
  187  12:38  Ghost x3, Marine  
  187  12:39  Marine x3  
  197  12:45  Orbital Command  
  197  12:49  Command Center  
  197  13:12  Refinery  
  197  13:15  Supply Depot, Terran Vehicle And Ship Armor Level 2  
  197  13:16  Refinery  
  197  13:18  Starport Tech Lab  
  197  13:36  Ghost, Marine  
  200  14:01  Marine x2  
  200  14:05  Marine  
  200  14:06  Ghost x3, Marine  
  200  14:09  Command Center  
  200  14:16  Ghost  
  199  14:18  Medivac  
  199  14:20  Medivac  
  199  14:21  Medivac  
  200  14:26  Command Center x2  
  200  14:28  Orbital Command  
  198  14:46  Ghost  
  198  14:47  Marine  
  191  14:53  Marine x4  
  193  15:03  Liberator  
  193  15:08  Ghost x2  
  197  15:16  Command Center  
  197  15:17  Missile Turret x2  
  198  15:38  Ghost x2, Marine x2  
  198  15:40  Ghost x2  
  200  15:58  Orbital Command  
  200  16:07  Advanced Ballistics  
  200  16:16  Sensor Tower  
  200  16:18  Planetary Fortress  
  200  16:41  Planetary Fortress  
  199  16:56  Command Center, Starport x2  
  199  17:18  Missile Turret  
  199  17:19  Missile Turret  
  199  17:35  Unknown  
Tags
 
Add a new tag
Caveats
  • Supply blocks, unpowered buildings, or Contaminate may cause inaccurate times.
  • Supply counts are checked every 10 seconds.